 Dungeon Crawl Stone Soup version 0.25-a0-869-g05d4e06a41 (webtiles) character file.

Game seed: 2906294528222298186, levelgen mode: deterministic

35 Maedhros the Sneak (level 3, 0/23 HPs)
             Began as an Octopode Artificer on May 1, 2020.
             Slain by an orc wizard
             ... wielding a +0 dagger
              (2 damage)
             ... on level 3 of the Dungeon.
             The game lasted 00:00:39 (172 turns).

Maedhros the Sneak (Octopode Artificer)              Turns: 172, Time: 00:00:39

Health: 0/23       AC:  1    Str: 11    XL:     3   Next: 35%
Magic:  5/5        EV: 13    Int: 13    God:
Gold:   6          SH:  0    Dex: 13    Spells: 2/2 levels left

rFire    . . .     SeeInvis .   a - +0 short sword
rCold    . . .     Gourm    .   (no shield)
rNeg     . . .     Faith    .   (helmet restricted)
rPois    .         Spirit   .   (no amulet)
rElec    .         Reflect  .   (no ring)
rCorr    .         Harm     .   (no ring)
MR       .....                  (no ring)
Stlth    +++.......             (no ring)
HPRegen  0.07/turn              (no ring)
MPRegen  0.09/turn              (no ring)
                                (no ring)
                                (no ring)

@: no status effects
A: almost no armour, stealthy swim, amphibious, 8 rings, constrict 8, camouflage
1, gelatinous body 1
a: no special abilities


You were on level 3 of the Dungeon.
You were not hungry.

You visited 1 branch of the dungeon, and saw 3 of its levels.

You collected 6 gold pieces.

Inventory:

Hand Weapons
 a - a +0 short sword (weapon)
Jewellery
 h - an uncursed ring of resist corrosion {unknown}
Wands
 b - a wand of flame (15)
 c - a wand of enslavement (14)
 d - a wand of random effects (15)
Scrolls
 e - a scroll of blinking {unknown}
Comestibles
 f - 2 rations


   Skills:
 - Level 1.0 Fighting
 - Level 1.0 Short Blades
 - Level 2.0 Dodging
 - Level 4.0 Stealth
 + Level 1.3 Unarmed Combat
 - Level 3.2 Evocations


You had 2 spell levels left.
You didn't know any spells.
Your spell library was empty.

Dungeon Overview and Level Annotations

Branches:
Dungeon (3/15)

Altars:

Annotations:
D:2 Robin


Innate Abilities, Weirdness & Mutations

You cannot wear most types of armour.
You are very stealthy in the water. (Stealth+)
You are amphibious.
You can wear up to eight rings at the same time.
You can use your tentacles to constrict eight enemies at once.
Your skin changes colour to match your surroundings (Stealth+).
Your rubbery body absorbs attacks. (AC +1, EV +1)


Message History

Increase (S)trength, (I)ntelligence, or (D)exterity?
You feel agile.
You constrict the orc.
You kill the orc!
You are confused.
You're too confused to attack without stumbling around!
You're too confused to attack without stumbling around!
You bump into the rock wall.
The orc closely misses you.
You see here a +0 ring mail.
You bump into the rock wall.
The orc hits you. Something barely misses you.
You bump into the rock wall.
The orc hits you. Something hits you.
* * * LOW HITPOINT WARNING * * *
You aren't carrying any potions.
Something hits you but does no damage. The orc closely misses you.
You're too confused to move!
Something hits you.
* * * LOW HITPOINT WARNING * * *
The orc barely misses you.
You feel less confused. Something hits you.
You die...

#########
##.oo....#
#..o###)## #
#...##.##
#.##...##o.#
#..<...<..#.##
#.......@....#
#..........#..#
#..........###.#
...###.)...##
... ####
#...##.# #.#
##### #. #


You could see an orc.

Vanquished Creatures
  An orc wizard (D:3)
  2 orcs (D:3)
  A bat (D:1)
  3 goblins
  2 hobgoblins (D:1)
9 creatures vanquished.

Notes
Turn   | Place    | Note
-------+----------+-------------------------------------------
     0 | D:1      | Maedhros the Octopode Artificer began the quest for the
                  | Orb.
     0 | D:1      | Reached XP level 1. HP: 13/13 MP: 3/3
    51 | D:1      | Reached skill level 2 in Stealth
   124 | D:1      | Reached XP level 2. HP: 13/18 MP: 4/4
   129 | D:2      | Noticed Robin
   158 | D:3      | Reached skill level 3 in Stealth
   165 | D:3      | Reached skill level 4 in Stealth
   165 | D:3      | Reached skill level 1 in Unarmed Combat
   165 | D:3      | Reached XP level 3. HP: 10/23 MP: 5/5
   172 | D:3      | Slain by an orc wizard

Levels and vault maps discovered:
D:1:      dpeg_arrival_pond, layout_basic
D:2:      layout_loops_cross, lightli_temple_of_fire, uniq_jessica, uniq_robin
D:3:      cheibrodos_thug_alley, layout_loops_ring, gammafunk_ghost_split,
          minmay_pentomino_pile, uniq_crazy_yiuf_cottage, uniq_ijyb

Skill      XL: |  1  2 |
---------------+-------+-----
Stealth        | 2 4 |  4.0
Unarmed Combat | 1 |  1.3
Fighting       | |  1.0
Short Blades   | |  1.0
Dodging        | |  2.0
Evocations     | |  3.2

Action                   || total
-------------------------++-------
Melee: Short sword       ||    16
       Constrict         ||     7
       Tentacles         ||     4
Evoke: Wand              ||     1
  Use: Potion            ||     1
Dodge: Dodged            ||    17

Table legend:
 A = Non-vault XP
 B = Vault XP
 C = Vault XP percentage of total XP
 D = Non-vault monster count
 E = Vault monster count
 F = Vault count percentage of total count
                 A         B        C        D         E       F
            +---------+---------+-------+---------+---------+-------
      Total |      49 |       2 |   3.9 |       8 |       1 |  11.1
            +---------+---------+-------+---------+---------+-------
        D:1 |      10 |       0 |   0.0 |       5 |       0 |   0.0
        D:3 |      39 |       2 |   4.9 |       3 |       1 |  25.0
            +---------+---------+-------+---------+---------+-------
